[Event "Olimpiade 2024 - Donne"]
[Site "Budapest"]
[Date "22.09.2024"]
[Round "11.60"]
[White "Saraci, Ndriqona"]
[Black "Beekhy, Aamirah"]
[Result "1/2-1/2"]
[WhiteElo "1656"]
[BlackElo "1600"]
[ECO "B90"]
[Opening "Sicilian"]
[Variation "Najdorf"]
[TimeControl "5400/40+30:1800"]
[EventDate "2024.09.11"]
[Board "4"]
[WhiteFideId "969095"]
[BlackFideId "9700358"]
[WhiteTeam "Kosovo *"]
[BlackTeam "Mauritius"]

1. e4 c5 2. Nf3 d6 3. d4 cxd4 4. Nxd4 Nf6 5. Nc3 a6 6. f3 g6 7. Be3 Bg7 8.
Qd2 Nbd7 9. Be2 Qc7 10. O-O-O b5 11. Bh6 O-O 12. Bxg7 Kxg7 13. Nb3 Ne5 14.
h4 h5 15. Nd5 Nxd5 16. Qxd5 Be6 17. Qd2 Rac8 18. Bd3 Nxd3+ 19. Qxd3 Bxb3
20. Qxb3 a5 21. Rd2 b4 22. g4 hxg4 23. fxg4 Qc4 24. Qxc4 Rxc4 25. Re2 Rfc8
26. Rhh2 a4 27. Re3 Rb8 28. Kd1 Rd4+ 29. Rd2 Rxd2+ 30. Kxd2 Rc8 31. Kd3 e6
32. Re2 Rc6 33. Kd4 Kh6 34. Rf2 Rc7 35. c3 bxc3 36. bxc3 Rb7 37. Kc4 a3 38.
Rd2 Rb6 39. Rf2 Kg7 40. Rd2 Kf6 41. Rf2+ Ke7 42. Kd3 Rb1 43. Rh2 Rg1 44. g5
Rb1 45. c4 Kd7 46. Rf2 Ke7 47. Rh2 Kd7 48. Rf2 1/2-1/2

[Event "Olimpiade 2024 - Donne"]
[Site "Budapest"]
[Date "22.09.2024"]
[Round "11.61"]
[White "Kaslan, Alexandra"]
[Black "Besrat, Mesgena Yoseph"]
[Result "1-0"]
[WhiteElo "1675"]
[BlackElo "1557"]
[ECO "D02"]
[Opening "Queen's bishop game"]
[TimeControl "5400/40+30:1800"]
[EventDate "2024.09.11"]
[Board "2"]
[WhiteFideId "8201340"]
[BlackFideId "22301070"]
[WhiteTeam "Suriname"]
[BlackTeam "Eritrea"]

1. d4 d5 2. Nf3 Nf6 3. Bf4 Nc6 4. e3 e6 5. Nbd2 Bd6 6. Ne5 Bxe5 7. dxe5 Nd7
8. Qg4 g6 9. Nf3 f6 10. Qxe6+ Qe7 11. Qxe7+ Nxe7 12. exf6 Nxf6 13. Bxc7 Bf5
14. c3 Rc8 15. Be5 O-O 16. Nd4 Ne4 17. f3 Nc5 18. Nxf5 Nxf5 19. Kd2 Rfe8
20. Bd4 Nxd4 21. exd4 Na4 22. Bb5 Nxb2 23. Bxe8 Rxe8 24. Rhe1 Nc4+ 25. Kd3
Rxe1 26. Rxe1 b5 27. Re8+ Kg7 28. Re7+ Kh6 29. Rxa7 Nb2+ 30. Kc2 Nc4 31.
Kb3 Ne3 32. g4 Nf1 33. f4 Nxh2 34. g5+ Kh5 35. Rxh7+ Kg4 36. Rxh2 Kxf4 37.
Rg2 Ke4 38. Kb4 Kd3 39. Rf2 1-0

[Event "Olimpiade 2024 - Donne"]
[Site "Budapest"]
[Date "22.09.2024"]
[Round "11.61"]
[White "Elshalom, Essayas Berhane"]
[Black "Wu, Elise"]
[Result "0-1"]
[WhiteElo "1659"]
[BlackElo "1595"]
[ECO "C44"]
[Opening "Scotch gambit"]
[Variation "Dubois-Reti defence"]
[TimeControl "5400/40+30:1800"]
[EventDate "2024.09.11"]
[Board "3"]
[WhiteFideId "22300988"]
[BlackFideId "8205760"]
[WhiteTeam "Eritrea"]
[BlackTeam "Suriname"]

1. e4 e5 2. Nf3 Nc6 3. d4 exd4 4. Bc4 Nf6 5. e5 d5 6. Bb5 Ne4 7. Nxd4 Bd7
8. Bxc6 bxc6 9. O-O Bc5 10. f3 Ng5 11. Nc3 Bb6 12. Kh1 c5 13. Nb3 d4 14.
Bxg5 Qxg5 15. Ne4 Qe7 16. c3 O-O-O 17. cxd4 cxd4 18. Qd3 Qxe5 19. Rfe1 Rhe8
20. a4 a5 21. h3 Qd5 22. Rec1 Bc6 23. Nxa5 Bxa5 24. Rc5 Qe6 25. Qa6+ Kd7
26. Qxa5 Ra8 27. Qb4 Bxe4 28. fxe4 Qxe4 29. Rd1 Kc8 30. Qc4 Re7 31. Rxd4
Qe6 32. Qd3 Rd7 33. Rxd7 Qxd7 34. Rd5 Qe8 35. Qxh7 g6 36. Qh4 Rxa4 37. Qf2
Ra8 38. Qd4 Ra4 39. Qc3 Ra8 40. Qd3 Ra4 41. Rb5 Ra8 42. Qd5 Rb8 43. Ra5
Rxb2 44. Qa8+ Rb8 45. Qa6+ Rb7 46. Rb5 Qxb5 0-1

[Event "Olimpiade 2024 - Donne"]
[Site "Budapest"]
[Date "22.09.2024"]
[Round "11.62"]
[White "Chemaou, Lilya"]
[Black "Marcos, Taqesyah"]
[Result "1/2-1/2"]
[WhiteElo "1565"]
[BlackElo "1679"]
[ECO "B13"]
[Opening "Caro-Kann"]
[Variation "exchange variation"]
[TimeControl "5400/40+30:1800"]
[EventDate "2024.09.11"]
[Board "2"]
[WhiteFideId "9015078"]
[BlackFideId "7500610"]
[WhiteTeam "Morocco"]
[BlackTeam "Netherlands Antilles"]

1. e4 c6 2. d4 d5 3. exd5 cxd5 4. Bd3 Nf6 5. c3 h6 6. Bf4 e6 7. Nf3 Bd6 8.
Bg3 Qc7 9. Ne5 Nc6 10. Bb5 a6 11. Bxc6+ bxc6 12. Qa4 Bb7 13. Nd2 O-O 14.
O-O c5 15. b4 cxd4 16. cxd4 Qb6 17. Ndf3 Rfd8 18. Rfc1 Rac8 19. h3 Ne4 20.
Rxc8 Rxc8 21. Nd7 Qxb4 22. Qxb4 Bxb4 23. Rb1 Bc6 24. Nb6 Re8 25. Rxb4 Nxg3
26. fxg3 f6 27. Na4 a5 28. Rb6 Bxa4 29. Ra6 Bb5 30. Rxa5 Bc4 31. Nd2 Rc8
32. Kf2 Kf7 33. Ra7+ Kg6 34. Re7 Bxa2 1/2-1/2

[Event "Olimpiade 2024 - Donne"]
[Site "Budapest"]
[Date "22.09.2024"]
[Round "11.62"]
[White "Pieter, Liana"]
[Black "El Harrak, Maryam"]
[Result "1/2-1/2"]
[WhiteElo "1619"]
[BlackElo "1639"]
[ECO "D02"]
[Opening "Queen's pawn game"]
[TimeControl "5400/40+30:1800"]
[EventDate "2024.09.11"]
[Board "3"]
[WhiteFideId "7502192"]
[BlackFideId "9016210"]
[WhiteTeam "Netherlands Antilles"]
[BlackTeam "Morocco"]

1. d4 d5 2. Nf3 Nf6 3. b3 g6 4. Bb2 Bg7 5. e3 O-O 6. Be2 Bg4 7. Nbd2 Nbd7
8. c4 c6 9. h3 Bxf3 10. Nxf3 Qa5+ 11. Qd2 Qxd2+ 12. Nxd2 Rfe8 13. f4 c5 14.
g4 cxd4 15. exd4 Ne4 16. cxd5 Ng3 17. Rg1 Nxe2 18. Kxe2 Nb6 19. Kf3 Nxd5
20. Rac1 Rac8 21. Rge1 e6 22. Ne4 Bf8 23. a3 b6 24. Rc4 b5 25. Rcc1 Be7 26.
g5 a5 27. Nc5 Bd6 28. Re4 Rc6 29. Nb7 Rec8 30. Rxc6 Rxc6 31. Nxd6 Rxd6 32.
b4 1/2-1/2

[Event "Olimpiade 2024 - Donne"]
[Site "Budapest"]
[Date "22.09.2024"]
[Round "11.63"]
[White "Nomcebo, Sibisi"]
[Black "Ibtihal, Osman"]
[Result "1-0"]
[WhiteElo "1570"]
[BlackElo "1626"]
[ECO "A40"]
[Opening "Modern defence"]
[TimeControl "5400/40+30:1800"]
[EventDate "2024.09.11"]
[Board "1"]
[WhiteFideId "20701152"]
[BlackFideId "12201529"]
[WhiteTeam "Eswatini"]
[BlackTeam "Sudan"]

1. d4 g6 2. Nf3 Bg7 3. g3 d5 4. Bg2 e6 5. O-O Ne7 6. c4 c6 7. Nc3 O-O 8.
cxd5 exd5 9. Bg5 Re8 10. Qc1 Qb6 11. Bxe7 Rxe7 12. e3 Bf5 13. Qd2 Nd7 14.
Rac1 Nf6 15. Nh4 Bg4 16. a3 a5 17. Nf3 Bf5 18. Ra1 Rae8 19. Rac1 Bh6 20.
Na4 Qc7 21. b4 Ne4 22. Qb2 b5 23. Nc5 Nxc5 24. Rxc5 Rc8 25. Ne5 Qd6 26.
Rfc1 Rec7 27. bxa5 f6 28. Nf3 Bd3 29. Nd2 Bf8 30. R5c3 Bc4 31. Ra1 Ra7 32.
Nb3 b4 33. axb4 Qxb4 34. Qc2 Rb8 35. Nd2 Bb5 36. Bf1 Bxf1 37. Rxf1 Qb2 38.
Rxc6 Qxc2 39. Rxc2 Rxa5 40. Kg2 Kf7 41. Nf3 g5 42. Rfc1 Ke6 43. Rc6+ Bd6
44. Ne1 Rb3 45. R6c3 Rxc3 46. Rxc3 Bb4 47. Rc1 Bd2 48. Rb1 Ra2 49. Kf3 h5
50. h3 f5 51. g4 fxg4+ 52. hxg4 h4 53. Nd3 Ba5 54. Rb8 Bc7 55. Rf8 Ra1 56.
Kg2 Bd6 57. Rf5 Be7 58. Ne5 Ra8 59. Nf3 Rg8 60. Ne5 Rg7 61. Kh3 Rg8 62. f4
Bf6 63. Nf3 gxf4 64. exf4 Rh8 65. Ne5 Ra8 66. Rh5 Ra3+ 67. Kg2 Rg3+ 68. Kf2
Bxe5 69. Rxe5+ Kd6 70. g5 Rd3 71. g6 Rxd4 72. Kf3 Rd3+ 73. Kg4 Rg3+ 74. Kf5
h3 75. Kf6 h2 76. Rh5 Rg2 77. Kf7 d4 78. g7 d3 79. Rxh2 Rxh2 80. g8=Q d2
81. Qd8+ Kc6 82. Qc8+ Kd5 83. Qc2 Kd4 84. f5 Ke3 85. f6 Rh1 86. Qc5+ Ke2
87. Qe5+ Kf2 88. Qf4+ Ke2 89. Qe4+ Kf2 90. Qxh1 Ke2 91. Qe4+ Kd1 92. Ke7
Kc1 93. Qc4+ Kd1 94. f7 Ke1 95. Qe4+ Kd1 96. f8=Q Kc1 97. Qc4+ Kb2 98. Qb8+
1-0

[Event "Olimpiade 2024 - Donne"]
[Site "Budapest"]
[Date "22.09.2024"]
[Round "11.63"]
[White "Sabreen, Oraby"]
[Black "Nkwanyane, Nolwazi"]
[Result "1-0"]
[WhiteElo "1812"]
[BlackElo "1542"]
[ECO "A20"]
[Opening "English opening"]
[TimeControl "5400/40+30:1800"]
[EventDate "2024.09.11"]
[Board "2"]
[WhiteFideId "10610499"]
[BlackFideId "20701381"]
[WhiteTeam "Sudan"]
[BlackTeam "Eswatini"]

1. c4 e5 2. g3 Nf6 3. Bg2 Bc5 4. Nc3 c6 5. a3 a5 6. e3 Qe7 7. Nge2 e4 8.
Nf4 Bd6 9. Nh5 Nxh5 10. Qxh5 g6 11. Qe2 f5 12. d4 exd3 13. Qxd3 Be5 14. O-O
O-O 15. Rb1 Na6 16. Na4 Rb8 17. Bd2 b5 18. cxb5 cxb5 19. Nc3 Nc5 20. Qc2
Qg7 21. Nxb5 Ne6 22. Nc3 Ba6 23. Rfd1 Nc5 24. Bf1 Bxf1 25. Kxf1 Rfc8 26.
Na4 Qh6 27. Nxc5 Qxh2 28. Qc4+ Kh8 29. Qd5 Qh3+ 30. Kg1 d6 31. Nd7 f4 32.
Nxe5 fxg3 33. Nf3 g2 34. Nh2 Rc5 35. Bc3+ Rxc3 36. bxc3 Rf8 37. Rb7 Rxf2
38. Qd4+ Kg8 39. Qg7# 1-0

[Event "Olimpiade 2024 - Donne"]
[Site "Budapest"]
[Date "22.09.2024"]
[Round "11.63"]
[White "Dlamini, Sincobile"]
[Black "Rawan, Mansor"]
[Result "1-0"]
[WhiteElo "1572"]
[BlackElo "1717"]
[ECO "C44"]
[Opening "Scotch gambit"]
[TimeControl "5400/40+30:1800"]
[EventDate "2024.09.11"]
[Board "3"]
[WhiteFideId "20700997"]
[BlackFideId "12200794"]
[WhiteTeam "Eswatini"]
[BlackTeam "Sudan"]

1. e4 e5 2. Nf3 Nc6 3. d4 exd4 4. Bc4 d6 5. Nxd4 Ne5 6. Be2 Bd7 7. Nc3 Nf6
8. Bg5 Be7 9. O-O h6 10. Bd2 O-O 11. f4 Nc6 12. Be3 Nxd4 13. Bxd4 Bc6 14.
Bd3 Re8 15. Qd2 Bf8 16. Rae1 a6 17. Qf2 b5 18. e5 dxe5 19. fxe5 Nd7 20.
Qxf7+ Kh8 21. Qg6 Nf6 22. exf6 Qxd4+ 23. Kh1 1-0

[Event "Olimpiade 2024 - Donne"]
[Site "Budapest"]
[Date "22.09.2024"]
[Round "11.63"]
[White "Elizabeth, Tanyous"]
[Black "Nosimilo, Mkhonto"]
[Result "1-0"]
[WhiteElo "1530"]
[BlackElo "1561"]
[ECO "C41"]
[Opening "Philidor's defence"]
[TimeControl "5400/40+30:1800"]
[EventDate "2024.09.11"]
[Board "4"]
[WhiteFideId "12201448"]
[BlackFideId "20700130"]
[WhiteTeam "Sudan"]
[BlackTeam "Eswatini"]

1. e4 e5 2. Nf3 d6 3. Bc4 Be7 4. d4 exd4 5. Nxd4 Nf6 6. Nc3 O-O 7. O-O Bd7
8. Bf4 Nc6 9. Qd2 Ne5 10. Be2 Re8 11. Rad1 a6 12. Bg5 b5 13. Qe1 b4 14.
Bxf6 Bxf6 15. Nd5 c5 16. Nxf6+ Qxf6 17. Nf3 Bc6 18. Nd2 Bb5 19. c4 Bc6 20.
b3 Ng6 21. Bd3 Nf4 22. Bb1 Bd7 23. Qe3 Qg5 24. g3 Nh3+ 25. Kg2 Qxe3 26.
fxe3 Ng5 27. Kg1 Bc6 28. Rf5 h6 29. h4 Nxe4 30. Nxe4 Bxe4 31. Bxe4 Rxe4 32.
Rxd6 Rxe3 33. Kg2 Re2+ 34. Rf2 Re5 35. Rfd2 Kh7 36. Kh3 a5 37. Rd7 f6 38.
R7d5 a4 1-0

[Event "Olimpiade 2024 - Donne"]
[Site "Budapest"]
[Date "22.09.2024"]
[Round "11.64"]
[White "Vilhete, Vania Fausto Da T."]
[Black "Ahmed, Najla"]
[Result "1-0"]
[WhiteElo "1877"]
[BlackElo "1539"]
[ECO "D11"]
[Opening "QGD Slav"]
[Variation "4.e3"]
[TimeControl "5400/40+30:1800"]
[EventDate "2024.09.11"]
[Board "1"]
[WhiteFideId "14800144"]
[BlackFideId "11205270"]
[WhiteTeam "Mozambique"]
[BlackTeam "Bahrain"]

1. d4 d5 2. c4 c6 3. e3 Nf6 4. Nf3 Nbd7 5. Bd3 e6 6. O-O Be7 7. Nc3 O-O 8.
b3 Re8 9. Bb2 Nf8 10. Qe2 Ng6 11. Rad1 Qc7 12. Bb1 Qa5 13. Qc2 dxc4 14.
bxc4 Qh5 15. Ne4 b5 16. Ng3 Qh6 17. Bc1 Nh4 18. Ne5 g6 19. e4 g5 20. Nxc6
Ng4 21. Nxe7+ Rxe7 22. h3 e5 23. hxg4 Bxg4 24. f3 Bd7 25. c5 Ng6 26. d5 Nf4
27. Bxf4 gxf4 28. Nf5 Bxf5 29. exf5 f6 30. d6 Rg7 31. d7 Rd8 32. c6 Kh8 33.
c7 Rgg8 34. c8=Q Qg5 35. Rf2 h5 36. Q2c7 1-0

[Event "Olimpiade 2024 - Donne"]
[Site "Budapest"]
[Date "22.09.2024"]
[Round "11.64"]
[White "Almusawi, Maram"]
[Black "Efentakis, Katina"]
[Result "1/2-1/2"]
[WhiteElo "1510"]
[BlackElo "1650"]
[ECO "D35"]
[Opening "QGD"]
[Variation "exchange, positional line, 5...c6"]
[TimeControl "5400/40+30:1800"]
[EventDate "2024.09.11"]
[Board "2"]
[WhiteFideId "11205458"]
[BlackFideId "14800659"]
[WhiteTeam "Bahrain"]
[BlackTeam "Mozambique"]

1. d4 d5 2. c4 e6 3. Nc3 Nf6 4. Bg5 c6 5. cxd5 exd5 6. e3 Be7 7. Bd3 O-O 8.
Nf3 Nbd7 9. O-O Re8 10. Qc2 h6 11. Bf4 Nf8 12. h3 Ne6 13. Bh2 Bd6 14. Ne5
Ng5 15. Kh1 Qc7 16. f4 Nge4 17. Rac1 Nxc3 18. bxc3 b5 19. Rb1 a6 20. Rfe1
Be6 21. Bg3 Ne4 22. Bxe4 dxe4 23. c4 Bxe5 24. fxe5 bxc4 25. Qxe4 Qd7 26.
Rb6 Qd5 27. Qxd5 cxd5 28. Rc1 Reb8 29. Rcb1 Rxb6 30. Rxb6 c3 31. Rc6 Rc8
32. Rxc8+ Bxc8 33. Be1 c2 34. Bd2 Bf5 35. Kg1 Kf8 36. Kf2 Ke7 37. Ke2 Kd7
38. Bc1 h5 39. h4 Kc6 40. Kd2 Kb5 41. Kc3 g6 42. Kb3 Bd3 43. Kc3 Be4 44. g3
Ka4 45. Bb2 Kb5 46. Bc1 Kc6 47. Kb4 Kd7 48. Kc3 Ke6 49. Kd2 Kf5 50. Ke2 Kg4
51. Kf2 Kf5 52. Ke2 1/2-1/2

[Event "Olimpiade 2024 - Donne"]
[Site "Budapest"]
[Date "22.09.2024"]
[Round "11.64"]
[White "Castro, Neusa Aridas De"]
[Black "Yaqoob, Wafa"]
[Result "1-0"]
[WhiteElo "1684"]
[BlackElo "1438"]
[ECO "B28"]
[Opening "Sicilian"]
[Variation "O'Kelly variation"]
[TimeControl "5400/40+30:1800"]
[EventDate "2024.09.11"]
[Board "3"]
[WhiteFideId "14800250"]
[BlackFideId "11205857"]
[WhiteTeam "Mozambique"]
[BlackTeam "Bahrain"]

1. e4 c5 2. Nf3 a6 3. d4 cxd4 4. Nxd4 Nf6 5. Bd3 e5 6. Nf3 d6 7. Nbd2 Be7
8. O-O O-O 9. Re1 Be6 10. Nf1 Nbd7 11. Ng3 Nc5 12. Ng5 Nxd3 13. cxd3 Rc8
14. Nxe6 fxe6 15. Qb3 Qd7 16. h3 Kh8 17. Bd2 Rf7 18. Rac1 Rcf8 19. Rc2 d5
20. Ba5 Bd8 21. Bxd8 Qxd8 22. exd5 exd5 23. Rxe5 Qd6 24. Rce2 Qc7 25. Qd1
Qd8 26. d4 Re8 27. Qe1 Rxe5 28. Rxe5 Rf8 29. Qb4 Rf7 30. Nf5 Ne4 31. f3 Nf6
32. Nd6 Rc7 33. Kh2 Qf8 34. Qa3 Rd7 35. Re6 Re7 36. Nf5 Rf7 37. Qe3 1-0

[Event "Olimpiade 2024 - Donne"]
[Site "Budapest"]
[Date "22.09.2024"]
[Round "11.64"]
[White "Obaid, Sondos"]
[Black "Sandramo, Chineva Rufino"]
[Result "0-1"]
[WhiteElo "1457"]
[BlackElo "1524"]
[ECO "D02"]
[Opening "Queen's bishop game"]
[TimeControl "5400/40+30:1800"]
[EventDate "2024.09.11"]
[Board "4"]
[WhiteFideId "11205377"]
[BlackFideId "14802171"]
[WhiteTeam "Bahrain"]
[BlackTeam "Mozambique"]

1. d4 d5 2. Nf3 Nf6 3. Bf4 c5 4. e3 Nc6 5. Nbd2 a6 6. c3 Bf5 7. Be2 e6 8.
O-O Be7 9. h3 O-O 10. Ne5 Rc8 11. Qb3 Na5 12. Qd1 c4 13. Rc1 b5 14. Bg4
Nxg4 15. hxg4 Bg6 16. Nxg6 hxg6 17. Re1 Bd6 18. Bxd6 Qxd6 19. e4 Rfe8 20.
exd5 exd5 21. Qf3 Re6 22. Nf1 Rf6 23. Qh3 Re6 24. Re3 Nc6 25. Rce1 Rce8 26.
Qf3 a5 27. Nd2 b4 28. Qh3 Rxe3 29. Rxe3 Rxe3 30. Qxe3 Qe6 31. Qxe6 fxe6 32.
Nf3 Kf7 33. Kh2 Kf6 34. Kg3 g5 35. Nd2 e5 36. dxe5+ Nxe5 37. f4 gxf4+ 38.
Kxf4 Nd3+ 39. Ke3 Nxb2 40. cxb4 axb4 41. Kd4 Ke6 42. g3 Nd3 43. Nf1 Nc1 44.
Ne3 Nxa2 45. Nxd5 c3 46. Nf4+ Kd6 47. Ne2 c2 48. Kc4 c1=Q+ 49. Nxc1 Nxc1
50. Kxb4 Ne2 51. Kc4 Ke5 52. Kd3 Nxg3 53. Ke3 g5 54. Kf3 Ne4 55. Kg2 Kf4
56. Kh3 Nf2+ 57. Kg2 Nxg4 58. Kg1 Ne3 59. Kf2 g4 60. Kg1 g3 61. Kh1 Kf3 62.
Kg1 g2 63. Kh2 Kf2 64. Kh3 g1=Q 65. Kh4 Qg4# 0-1

[Event "Olimpiade 2024 - Donne"]
[Site "Budapest"]
[Date "22.09.2024"]
[Round "11.65"]
[White "Thomas, Nelissa"]
[Black "Majid, Zara"]
[Result "0-1"]
[WhiteElo "1631"]
[BlackElo "1411"]
[ECO "B00"]
[Opening "King's pawn opening"]
[TimeControl "5400/40+30:1800"]
[EventDate "2024.09.11"]
[Board "2"]
[WhiteFideId "10400494"]
[BlackFideId "33100624"]
[WhiteTeam "Bahamas"]
[BlackTeam "Cayman Islands"]

1. e4 d6 2. d4 Nf6 3. f3 g6 4. Be3 Bg7 5. Qd2 Nbd7 6. Nc3 c6 7. Bh6 Bxh6 8.
Qxh6 Qa5 9. O-O-O Qh5 10. Qe3 O-O 11. h4 Qa5 12. g4 h5 13. Be2 Kg7 14. Kb1
Rh8 15. f4 Nxg4 16. Bxg4 hxg4 17. f5 gxf5 18. Qg5+ Kf8 19. Rf1 Nf6 20. exf5
Rh5 21. Qe3 Rxf5 22. Nge2 Rxf1+ 23. Rxf1 Qh5 24. Ng3 Qh7 25. Re1 Be6 26.
Rf1 Ke8 27. Qg5 Kd7 28. h5 Rg8 29. Qa5 a6 30. Na4 Nd5 31. Rc1 f5 32. Ka1 f4
33. c4 Ne3 34. Nb6+ Ke8 35. Qe1 Nc2+ 36. Rxc2 Qxc2 37. Ne4 Kf7 38. d5 cxd5
39. Nxd5 Bxd5 40. cxd5 Rc8 41. Nc3 Qf5 42. Ne4 Qxd5 43. Qh1 f3 44. Ng3 Qd2
0-1

[Event "Olimpiade 2024 - Donne"]
[Site "Budapest"]
[Date "22.09.2024"]
[Round "11.65"]
[White "Patil, Anvita Niranjan"]
[Black "Johnson, Daijah"]
[Result "1-0"]
[WhiteElo "1589"]
[BlackElo "1624"]
[ECO "B44"]
[Opening "Sicilian defence"]
[TimeControl "5400/40+30:1800"]
[EventDate "2024.09.11"]
[Board "3"]
[WhiteFideId "33100446"]
[BlackFideId "10400591"]
[WhiteTeam "Cayman Islands"]
[BlackTeam "Bahamas"]

1. e4 c5 2. Nf3 Nc6 3. d4 cxd4 4. Nxd4 e6 5. Be3 a6 6. Bd3 Qc7 7. Nc3 Bb4
8. Qd2 Nge7 9. O-O Nxd4 10. Bxd4 e5 11. Be3 Bxc3 12. Qxc3 Qxc3 13. bxc3 d6
14. Rab1 b5 15. c4 O-O 16. Rb2 Be6 17. cxb5 axb5 18. Bxb5 Bxa2 19. c4 Rfb8
20. Ra1 Bb3 21. Rxa8 Rxa8 22. g3 Bd1 23. Kg2 Bg4 24. Rd2 f5 25. f3 Bh5 26.
Rxd6 fxe4 27. fxe4 Rf8 28. Kh3 Bf3 29. c5 Bxe4 30. c6 Rc8 31. Bc4+ Kh8 32.
c7 1-0

[Event "Olimpiade 2024 - Donne"]
[Site "Budapest"]
[Date "22.09.2024"]
[Round "11.66"]
[White "Lyons, Kieran"]
[Black "Magne, Kouokam Sylviane"]
[Result "0-1"]
[WhiteElo "1818"]
[BlackElo "1587"]
[ECO "C58"]
[Opening "Two knights defence"]
[TimeControl "5400/40+30:1800"]
[EventDate "2024.09.11"]
[Board "1"]
[WhiteFideId "11400102"]
[BlackFideId "16400402"]
[WhiteTeam "Fiji"]
[BlackTeam "Cameroon"]

1. e4 e5 2. Nf3 Nc6 3. Bc4 Nf6 4. Ng5 d5 5. exd5 Na5 6. Bb5+ c6 7. dxc6
bxc6 8. Bd3 Nd5 9. h4 Nf4 10. Bf1 f6 11. Ne4 Bf5 12. Nbc3 Qd4 13. d3 h5 14.
Be3 Qb4 15. Bxf4 exf4 16. Qc1 Bd6 17. Nxd6+ Qxd6 18. Be2 O-O 19. Bxh5 Rae8+
20. Bxe8 Rxe8+ 21. Kf1 Bg4 22. f3 Bh5 23. Qd2 Nc4 24. Qf2 Ne3+ 25. Kg1 f5
26. Re1 Re6 27. Nd1 Qd4 28. c3 Qxd3 29. Nxe3 fxe3 30. Qe2 Qd5 31. c4 Qd4
32. Rd1 Qf4 33. Rd3 Kh7 34. b3 c5 35. Kf1 Qh6 36. g3 f4 37. g4 Be8 38. Rd5
Qf6 39. Rxc5 Bc6 40. Rf5 Qc3 41. Rxf4 Rd6 42. Qe1 Rd2 43. Rh2 Qd3+ 44. Kg1
Rd1 45. Re2 Rxe1+ 46. Rxe1 e2 47. Kf2 Qd2 48. Rf5 Qxa2 49. Rxe2 Qxb3 50.
Ree5 Qxc4 51. h5 Qc2+ 52. Kg3 Qd1 53. Rc5 Qd6+ 54. Rfe5 a6 55. g5 Bb5 56.
Kh4 Qd4+ 57. Kg3 Qg1+ 58. Kf4 Qd4+ 59. Kg3 Qg1+ 60. Kf4 Qd4+ 61. Kf5 Bd7+
62. Re6 Qxc5+ 0-1

[Event "Olimpiade 2024 - Donne"]
[Site "Budapest"]
[Date "22.09.2024"]
[Round "11.66"]
[White "Danwe, Maissiri Carole"]
[Black "Terubea, Cydel"]
[Result "0-1"]
[WhiteElo "1456"]
[BlackElo "1681"]
[ECO "B01"]
[Opening "Scandinavian defence"]
[TimeControl "5400/40+30:1800"]
[EventDate "2024.09.11"]
[Board "2"]
[WhiteFideId "16401239"]
[BlackFideId "11400455"]
[WhiteTeam "Cameroon"]
[BlackTeam "Fiji"]

1. e4 d5 2. exd5 Nf6 3. Nf3 Nxd5 4. d4 e6 5. Bd3 Be7 6. a3 c6 7. O-O O-O 8.
c4 Nf6 9. Nc3 Nbd7 10. Re1 h6 11. Bf4 Re8 12. Qc2 Nh5 13. Be3 Qc7 14. Ne4
Nf4 15. Bxf4 Qxf4 16. Qd2 Qxd2 17. Nexd2 c5 18. dxc5 Nxc5 19. Bc2 Bf6 20.
Rab1 Rd8 21. Red1 Bd7 22. b4 Na6 23. Ne4 Be7 24. Rd2 Be8 25. Rbd1 Rxd2 26.
Rxd2 Rc8 27. c5 Nc7 28. Nd6 Bxd6 29. Rxd6 Nb5 30. Rd3 f6 31. Nd4 Nxd4 32.
Rxd4 Kf7 33. Kf1 Ke7 34. Ke2 b6 35. cxb6 Rxc2+ 36. Kd3 Bg6+ 37. Ke3 axb6
38. a4 Ra2 39. b5 Bc2 40. Rc4 Bxa4 41. Rc7+ Kf8 42. Ra7 Bb3 43. Rxa2 Bxa2
44. Kd4 Ke7 0-1

[Event "Olimpiade 2024 - Donne"]
[Site "Budapest"]
[Date "22.09.2024"]
[Round "11.66"]
[White "Prasad, Tanvi"]
[Black "Tchouateu, Tankeu Stephanie"]
[Result "0-1"]
[WhiteElo "1564"]
[BlackElo "1565"]
[ECO "A01"]
[Opening "Nimzovich-Larsen attack"]
[Variation "modern variation"]
[TimeControl "5400/40+30:1800"]
[EventDate "2024.09.11"]
[Board "3"]
[WhiteFideId "11401117"]
[BlackFideId "16400470"]
[WhiteTeam "Fiji"]
[BlackTeam "Cameroon"]

1. b3 e5 2. Bb2 Nc6 3. e3 Nf6 4. Bb5 Bd6 5. Bxc6 dxc6 6. h3 e4 7. Ne2 O-O
8. d3 Re8 9. dxe4 Nxe4 10. O-O Bd7 11. Nd2 Nf6 12. Nc4 Be6 13. Nxd6 cxd6
14. Qd4 c5 15. Qc3 h6 16. Nf4 Bf5 17. Rfd1 Rc8 18. Nd5 Re6 19. f3 Qf8 20.
e4 Bg6 21. Nxf6+ Rxf6 22. Qa5 Re6 23. Qxa7 Rc7 24. Qa5 Rce7 25. Rd5 f5 26.
e5 dxe5 27. Qxc5 e4 28. fxe4 fxe4 29. Qe3 Be8 30. Ba3 Qf6 31. Bxe7 Qxa1+
32. Kh2 Rxe7 33. a4 Bc6 34. Rd8+ Kh7 35. c3 Qf1 36. a5 Qb5 37. b4 Qe5+ 38.
Kg1 Rf7 39. Rd1 Rc7 40. Ra1 Rc8 41. a6 b5 42. Ra5 Rd8 43. Qe1 Ra8 44. c4
Qd4+ 45. Kh2 Qxc4 46. a7 Qf7 47. Qe3 Qc7+ 48. Kg1 Qd6 49. Rxb5 Bxb5 50.
Qxe4+ Qg6 51. Qxa8 Bc6 52. Qxc6 Qxc6 53. b5 Qb6+ 0-1

[Event "Olimpiade 2024 - Donne"]
[Site "Budapest"]
[Date "22.09.2024"]
[Round "11.67"]
[White "Seine, Rose Berline"]
[Black "Nihaya, Ahmed"]
[Result "1-0"]
[WhiteElo "1778"]
[BlackElo "1589"]
[ECO "A45"]
[Opening "Queen's pawn game"]
[TimeControl "5400/40+30:1800"]
[EventDate "2024.09.11"]
[Board "1"]
[WhiteFideId "11900547"]
[BlackFideId "16700414"]
[WhiteTeam "Haiti"]
[BlackTeam "Maldives"]

1. d4 Nf6 2. e3 g6 3. b3 Bg7 4. Bb2 O-O 5. Nf3 d6 6. c4 c5 7. Bd3 cxd4 8.
exd4 e5 9. dxe5 dxe5 10. Bxe5 Re8 11. O-O Rxe5 12. Nxe5 Qd4 13. Nd2 Qxe5
14. Nf3 Qc5 15. Rc1 Nc6 16. h3 Be6 17. Rc2 Rd8 18. Qe2 Nb4 19. Rd2 Nh5 20.
Be4 Re8 21. Qd1 Qb6 22. Rd6 Qc7 23. Ng5 Be5 24. Rd2 Bc8 25. Nf3 Bf6 26. Bb1
Nf4 27. a3 Na6 28. Re1 Be6 29. Nd4 Qb6 30. Nxe6 Nxe6 31. Rd5 Nac7 32. Rd7
Bd4 33. Qf3 Ng5 34. Rxe8+ Nxe8 35. Qe2 Nf6 36. Re7 Ne6 37. Be4 Qxb3 38.
Rxb7 Qxa3 39. Bd5 Qc1+ 40. Kh2 Nxd5 41. cxd5 Qf4+ 42. g3 Qxf2+ 43. Qxf2
Bxf2 44. dxe6 fxe6 45. Re7 e5 46. Rxe5 Bb6 47. Re7 Bc5 48. Rd7 a5 49. Kg2
Bb4 50. Kf3 Bc3 51. g4 Bb4 52. Ke4 Bf8 53. Ra7 Bb4 54. Kd5 Kh8 55. Ke6 Kg8
56. Rc7 Ba3 57. Kf6 Bb2+ 58. Kg5 a4 59. Kh6 a3 60. Ra7 Bc1+ 61. g5 Bb2 62.
Ra8+ Kf7 63. Kxh7 Bc1 64. Ra7+ Ke6 65. Kxg6 Kd6 66. h4 Kc6 67. h5 Kb6 68.
Ra4 Kb5 69. Ra8 Kb6 70. h6 Kb7 71. Ra4 Kb6 72. h7 Bb2 73. Kf7 Kb5 74. Ra8
a2 75. Rxa2 Bh8 76. g6 Kc5 77. Ke6 Kd4 1-0

[Event "Olimpiade 2024 - Donne"]
[Site "Budapest"]
[Date "22.09.2024"]
[Round "11.67"]
[White "Dunat, Kineberlie"]
[Black "Aishath, Iva Hassan"]
[Result "0-1"]
[WhiteElo "1582"]
[BlackElo "1422"]
[ECO "D00"]
[Opening "Queen's pawn, Mason variation, Steinitz counter-gambit"]
[TimeControl "5400/40+30:1800"]
[EventDate "2024.09.11"]
[Board "3"]
[WhiteFideId "11900814"]
[BlackFideId "16701127"]
[WhiteTeam "Haiti"]
[BlackTeam "Maldives"]

1. d4 d5 2. Bf4 c5 3. e3 Nc6 4. Nf3 Bf5 5. c3 Qb6 6. Qb3 c4 7. Qxb6 axb6 8.
Nbd2 e6 9. Be2 Nf6 10. Nh4 Be4 11. f3 Bg6 12. e4 b5 13. O-O b4 14. h3 b5
15. Be3 bxc3 16. bxc3 b4 17. Rfc1 bxc3 18. Rxc3 Bb4 19. Rc2 Ba3 20. Nb1 O-O
21. Nxg6 hxg6 22. e5 Nd7 23. Nxa3 Rxa3 24. Kf2 Rfa8 25. Rb2 R8a7 26. Bd1
Na5 27. Rab1 Nc6 28. Ra1 f6 29. f4 g5 30. g3 gxf4 31. gxf4 f5 32. h4 Ndb8
33. Bh5 Kf8 34. Bc1 Rh3 35. Bf3 Rxh4 36. Kg3 Rh8 37. Bd2 Kf7 38. Be3 Na6
39. Rb6 Nab4 40. Bd2 Nc2 41. Rab1 N6xd4 42. Rb7+ Rxb7 43. Rxb7+ Kg6 44. a4
Nxf3 45. Kxf3 Rh3+ 46. Kg2 Ra3 47. Rb6 Nd4 48. Bb4 Rxa4 49. Bc5 Ra2+ 50.
Kf1 Rd2 51. Bxd4 Rxd4 52. Rxe6+ Kf7 53. Rd6 Rxf4+ 54. Kg2 d4 55. e6+ Ke7
56. Ra6 d3 57. Kg3 Rd4 58. Ra7+ Kxe6 59. Ra6+ Kf7 60. Ra7+ Kg8 61. Ra8+ Kh7
62. Ra1 d2 63. Rd1 c3 64. Rh1+ Kg8 0-1